 Dungeon Crawl Stone Soup version 0.22.1-6-g1668fe2 (webtiles) character file.

374 wyoknott the Shield-Bearer (level 6, 0/53 HPs)
             Began as a Minotaur Fighter on Jan 23, 2019.
             Killed from afar by an orc wizard (8 damage)
             ... with a magic dart
             ... on level 4 of the Dungeon.
             The game lasted 00:04:52 (1960 turns).

wyoknott the Shield-Bearer (Minotaur Fighter)       Turns: 1960, Time: 00:04:52

Health: 0/53       AC:  9    Str: 21    XL:     6   Next: 43%
Magic:  5/5        EV:  6    Int:  5    God:
Gold:   156        SH: 10    Dex: 11    Spells: 5/5 levels left

rFire    . . .     SeeInvis .   a - +0 long sword
rCold    . . .     Gourm    .   c - +0 shield
rNeg     . . .     Faith    .   y - +0 chain mail
rPois    .         Spirit   .   (helmet restricted)
rElec    .         Reflect  .   (no cloak)
rCorr    .         Harm     .   (no gloves)
MR       .....                  (no boots)
Stlth    ..........             (no amulet)
HPRegen  0.17/turn              (no ring)
MPRegen  0.09/turn              (no ring)

@: no status effects
A: retaliatory headbutt, horns 2
a: no special abilities


You were on level 4 of the Dungeon.
You were not hungry.

You visited 1 branch of the dungeon, and saw 4 of its levels.

You collected 156 gold pieces.

Inventory:

Hand Weapons
 a - a +0 long sword (weapon)
Missiles
 e - 5 tomahawks (quivered)
Armour
 b - a +0 scale mail
 c - a +0 shield (worn)
 y - a +0 chain mail (worn)
Jewellery
 r - a +5 amulet of reflection {unknown}
 w - an uncursed ring of ice {unknown}
Scrolls
 g - a scroll of random uselessness {unknown}
 h - 4 scrolls of teleportation {unknown}
 i - 2 scrolls of remove curse {unknown}
 l - 2 scrolls of fog {unknown}
 m - 2 scrolls of amnesia {unknown}
 n - 3 scrolls of immolation {unknown}
 p - a scroll of magic mapping {unknown}
 u - 5 scrolls of identify {unknown}
 v - a scroll of enchant armour {unknown}
 x - 3 scrolls of blinking {unknown}
Potions
 d - a potion of might
 j - a potion of degeneration {unknown}
 k - 2 potions of brilliance {unknown}
 o - 2 potions of flight {unknown}
 q - a potion of magic {unknown}
 s - a potion of curing {unknown}
 t - a potion of lignification {unknown}
 z - a potion of mutation {unknown}
 A - a potion of ambrosia {unknown}
 B - a potion of haste {unknown}
Comestibles
 f - 6 rations


   Skills:
 + Level 4.4 Fighting
 + Level 5.1 Long Blades
 + Level 4.9 Armour
 + Level 1.4 Dodging
 + Level 5.9 Shields


You had 5 spell levels left.
You didn't know any spells.
Your spell library was empty.

Dungeon Overview and Level Annotations

Branches:
Dungeon (4/15)
 Temple: D:4-7

Altars:
Elyvilon
Sif Muna
Trog
Xom
Zin
The Shining One


Innate Abilities, Weirdness & Mutations

You reflexively headbutt those who attack you in melee.
You have a pair of horns on your head.


Message History

Something hits you.
* * * LOW HITPOINT WARNING * * *
Things that are here:
a long sword; an orc corpse You hit the orc priest.
The orc priest is almost dead.
You block the orc priest's attack. Something hits you but does no damage.
Your chain mail prevents you from hitting the orc priest.
You headbutt the orc priest.
You kill the orc priest!
Your Long Blades skill increases to level 5!
You block something's attack.
Found an orange potion.
Things that are here:
a club; a scale mail; an orc corpse You miss something.
You headbutt something.
You hear some strange, mumbled words.
A magic dart appears from out of thin air!
The magic dart hits you!
You die...

..........###..
........!..#..#
#.............#
.............##
#............#
#...........#
#..........#
#...@....#
##.))....#
##.))..##
##....# ##...##
####)# #.# #.#
####.##


There were no monsters in sight!

Vanquished Creatures
  A howler monkey (D:4)
  3 orc priests
  An orc wizard (D:4)
  4 gnolls (D:2)
  7 adders
  2 oozes
  3 worms
  A leopard gecko (D:2)
  9 orcs
  A ball python (D:1)
  11 bats
  3 giant cockroaches
  9 goblins
  7 hobgoblins
  9 jackals
  3 quokkas
  3 frilled lizards
  11 kobolds
  10 rats
98 creatures vanquished.

Notes
Turn   | Place    | Note
-------+----------+-------------------------------------------
     0 | D:1      | wyoknott the Minotaur Fighter began the quest for the Orb.
     0 | D:1      | Reached XP level 1. HP: 19/19 MP: 0/0
     0 | D:1      | Noticed an elf
     0 | D:1      | Noticed an ogre
     1 | D:1      | Noticed a vampire
     3 | D:1      | Noticed a minotaur
     7 | D:1      | Noticed a centaur
     8 | D:1      | Noticed a spriggan
    14 | D:1      | Noticed a vampire
    14 | D:1      | Noticed an ogre
    17 | D:1      | Noticed a human
    19 | D:1      | Noticed an octopode
    19 | D:1      | Noticed a minotaur
    21 | D:1      | Noticed a human
    21 | D:1      | Noticed a gargoyle
    21 | D:1      | Noticed a draconian
    23 | D:1      | Noticed a naga
    23 | D:1      | Noticed a troll
    27 | D:1      | Noticed a naga
   248 | D:1      | Reached XP level 2. HP: 23/27 MP: 1/1
   402 | D:1      | Reached XP level 3. HP: 29/33 MP: 2/2
   785 | D:2      | Reached XP level 4. HP: 28/40 MP: 3/3
   900 | D:2      | Found a glowing golden altar of the Shining One.
  1065 | D:2      | Found a glowing silver altar of Zin.
  1073 | D:2      | Found a shimmering altar of Xom.
  1073 | D:2      | Found a bloodstained altar of Trog.
  1074 | D:2      | Found a white marble altar of Elyvilon.
  1181 | D:2      | Reached XP level 5. HP: 46/46 MP: 4/4
  1490 | D:3      | Reached skill level 5 in Shields
  1563 | D:3      | Reached skill level 1 in Dodging
  1681 | D:3      | Found a deep blue altar of Sif Muna.
  1911 | D:4      | Reached XP level 6. HP: 52/53 MP: 5/5
  1957 | D:4      | Reached skill level 5 in Long Blades
  1960 | D:4      | Killed from afar by an orc wizard

Skill      XL: |  1  2  3  4  5  6 |
---------------+-------------------+-----
Armour         | 4 |  4.9
Shields        | 4 5 |  5.9
Fighting       | 4 |  4.4
Long Blades    | 3 4 5 |  5.1
Dodging        | 1 |  1.4

Action                   |  1- 3 |  4- 6 || total
-------------------------+-------+-------++-------
Melee: Long sword        |    80 |   108 ||   188
       Headbutt          |    11 |    24 ||    35
  Eat: Ration            |       |     1 ||     1
Armor: Scale mail        |    48 |    36 ||    84
       Chain mail        |       |    28 ||    28
Dodge: Dodged            |    32 |    69 ||   101
Block: Shield            |    51 |    77 ||   128
       Rpst.: Long sword |     7 |    20 ||    27
